 Dungeon Crawl Stone Soup version 0.29.1-15-g9cfb28693d (webtiles) character file.

Game seed: 8789796756733474292

0 sentinel the Digger (level 1, 0/14 HPs)
             Began as a Meteoran Earth Elementalist on Aug 13, 2023.
             Killed by nerve-wracking pain
             ... invoked by Jessica
              (14 damage)
             ... on level 2 of the Dungeon.
             The game lasted 00:01:22 (44 turns).

sentinel the Digger (Meteoran Earth Elementalist)     Turns: 44, Time: 00:01:23

Health: 0/14       AC:  2    Str:  9    XL:     1   Next: 14%
Magic:  5/5        EV: 12    Int: 16    God:
Gold:   0          SH:  0    Dex: 14    Spells: 4/5 levels left

rFire   . . .      SeeInvis .   (no weapon)
rCold   . . .      Faith    .   (no shield)
rNeg    . . .      Spirit   .   a - +0 robe
rPois   .          Reflect  .   (no helmet)
rElec   .          Harm     .   (no cloak)
rCorr   .          Rampage  .   (no gloves)
Will    .....                   (no boots)
Stlth   +.........              (no amulet)
HPRegen 0.04/turn               (no ring)
MPRegen 0.09/turn               (no ring)

@: glowing
A: sense surroundings 1, otherworldly, glowing, explore regen
a: no special abilities


You were on level 2 of the Dungeon.
You visited 1 branch of the dungeon, and saw 2 of its levels.

Inventory:

Armour
 a - a +0 robe (worn)
Scrolls
 d - a scroll of enchant weapon {unknown}
 r - 2 scrolls of identify
Potions
 b - a potion of magic
 c - 2 potions of might {unknown}


   Skills:
 - Level 2.4 Dodging
 - Level 1.4 Stealth
 - Level 2.6 Spellcasting
 - Level 1.2 Transmutations
 + Level 3.7 Earth Magic


You had 4 spell levels left.
You knew the following spells:

 Your Spells              Type           Power      Damage    Failure   Level
a - Sandblast             Erth           26%        2d8       4%          1

Your spell library contained the following spells:

 Spells                   Type           Power      Damage    Failure   Level
 Passwall                 Tmut/Erth      8%         N/A       11%         2
 Stone Arrow              Conj/Erth      16%        3d8       26%         3
 Petrify                  Tmut/Erth      10%        N/A       56%         4
 Olgreb's Toxic Radiance  Pois           2%         N/A       88%         4
 Ozocubu's Refrigeration  Ice            1%         4d7       100%        7
 Ignition                 Fire           1%         3d3       100%        8


Dungeon Overview and Level Annotations

Branches:
Dungeon (2/15) Zot: 1154

Altars:

Annotations:
D:2 Jessica


Innate Abilities, Weirdness & Mutations

You passively map a small area around you.
You are easily found by Zot.
You glow in the dark.
You regain HP and MP as you explore.


Message History

Welcome, sentinel the Meteoran Earth Elementalist.
Below lies the Orb of Zot, rumoured to be powerful enough to resurrect a god...
Press ? for a list of commands and other information.
Found 3 scrolls labelled CIROKU EGHOC.
Found a staircase leading out of the dungeon.
Unknown command.
Unknown command.
Unknown command.
c - 3 scrolls labelled CIROKU EGHOC Unknown command.
You open the door.
There is an open door here.
Found 15 gold pieces and a battleaxe.
Unknown command.
You pick up the Unrestrained Analects and begin reading...
You add the spells Olgreb's Toxic Radiance, Ozocubu's Refrigeration and Ignition to your library.
Unknown command.
You open the door.
There is an open door here.
You open the door.
Found an escape hatch in the floor.
Unknown command.
As you read the scroll labelled CIROKU EGHOC, it crumbles to dust.
It is a scroll of identify.
You don't have any unidentified items.
r - 2 scrolls of identify Saving game... please wait.
Welcome back, sentinel the Meteoran Earth Elementalist.
Press ? for a list of commands and other information.
There is an open door here.
There is an escape hatch in the floor here.
There is an escape hatch in the floor here.
You slide downwards.
The hatch slams shut behind you.
Found 9 gold pieces.
Found 2 pink potions.
Found a stone staircase leading down.
The bat closely misses you.
The blast of sand hits the bat!
You kill the bat!
You can't see any susceptible monsters within range! (Use Z to cast anyway.)
Found a scroll labelled GUIXKI UMUURRO.
c - 2 pink potions
Found a hand axe.
Jessica the Apprentice Sorceress comes into view.
She is wielding a +0 club.
Jessica shouts!
Jessica grins evilly.
You see here a scroll labelled GUIXKI UMUURRO.
d - a scroll labelled GUIXKI UMUURRO Jessica gestures at you while chanting.
Pain shoots through your body!
Ouch! That really hurt!
You die...

#............###
#........#......
,, ,
#.....>......... #
*
######.#.#######.#
#.#....####.# *
#.#.........####*
#.##............ *
* #. #............
*#+*#....@...@...
, ...........)....
*
...#...###+###..,
#...#.... ,*
###*#.... , ,
#.... , , #... ##
* * *


You could see Jessica.

Vanquished Creatures
  A bat (D:2)
1 creature vanquished.

Notes
Turn   | Place    | Note
-------+----------+-------------------------------------------
     0 | D:1      | sentinel the Meteoran Earth Elementalist began the quest
                  | for the Orb.
     0 | D:1      | Reached XP level 1. HP: 14/14 MP: 5/5
    42 | D:2      | Noticed Jessica
    44 | D:2      | Killed from afar by Jessica

Illustrated notes

Levels and vault maps discovered:
D:1:      minmay_arrival_four_houses, layout_rooms,
          shapermc_ecumenical_altar_gd, grunt_decor_fettered,
          grunt_decor_arrowhead
D:2:      layout_basic, uniq_jessica, uniq_sigmund, uniq_robin

Action                   || total
-------------------------++-------
 Cast: Sandblast         ||     1
  Use: Scroll            ||     1
Dodge: Dodged            ||     1
